 Dungeon Crawl Stone Soup version 0.19-a0-1513-gf6d23ed (webtiles) character file.

39 amanita the Ruffian (level 3, -5/20 HPs)
             Began as a Gargoyle Transmuter on Sept 12, 2016.
             Killed by divine providence
             ... invoked by an orc priest
              (10 damage)
             ... on level 3 of the Dungeon.
             The game lasted 00:06:41 (502 turns).

amanita the Ruffian (Gargoyle Transmuter)            Turns: 502, Time: 00:06:42

Health: -5/20      AC: 13    Str: 14    XL:     3   Next: 45%
Magic:  6/6        EV:  6    Int: 13    God:
Gold:   108        SH:  0    Dex: 10    Spells: 1 memorised, 5 levels left

rFire  . . .     SeeInvis .       - Unarmed
rCold  . . .     Gourm    .     g - +0 chain mail
rNeg   + . .     Faith    .     (no shield)
rPois  ∞         Spirit   .     (no helmet)
rElec  +         Dismiss  .     k - +1 cloak
rCorr  .         Reflect  .     (no gloves)
MR     +....     Harm     .     (no boots)
Stlth  ..........               (no amulet)
                                l - +4 ring of slaying
                                e - ring of protection from magic

@: no status effects
A: negative energy resistance 1, electricity resistance, unbreathing,
petrification resistance, rot immunity, AC +3
a: no special abilities


You were on level 3 of the Dungeon.
You were not hungry.

You visited 1 branch of the dungeon, and saw 4 of its levels.

You collected 108 gold pieces.

Inventory:

Missiles
 a - 12 arrows
Armour
 b - a +0 robe
 g - a +0 chain mail (worn)
 k - a +1 cloak (worn)
Jewellery
 e - a ring of protection from magic (left hand)
 l - a +4 ring of slaying (right hand)
Wands
 f - a wand of slowing (14/48)
Scrolls
 j - 3 scrolls of identify
 m - a scroll of enchant armour
Books
 c - a book of Changes

   Spells                             Type                      Level
   a - Beastly Appendage              Transmutation                1
   b - Sticks to Snakes               Transmutation                2
   c - Spider Form                    Transmutation/Poison         3
   d - Ice Form                       Ice/Transmutation            4
   e - Blade Hands                    Transmutation                5
Comestibles
 d - a bread ration
 h - a beef jerky


   Skills:
 - Level 1.1 Fighting
 - Level 1.5 Dodging
 + Level 4.4 Unarmed Combat
 - Level 2.0 Spellcasting
 - Level 1.5 Transmutations


You had 5 spell levels left.
You knew the following spells:

 Your Spells              Type           Power        Failure   Level  Hunger
a - Beastly Appendage     Tmut           #.....       100%        1    ##.....


Dungeon Overview and Level Annotations

Branches:
Dungeon (4/15)
 Temple: D:4-7

Altars:


Innate Abilities, Weirdness & Mutations

You are resistant to torment.
Your stone body is resilient. (AC +3)
You are immune to poison.
You resist negative energy. (rN+)
You are resistant to electric shocks. (rElec)
You can survive without breathing.
You are immune to petrification.
You are immune to rotting.


Message History

You hit the orc.
You kill the orc!
You hit the orc but do no damage. The orc hits you but does no damage.
You hit the orc.
The orc is almost dead.
The orc barely misses you.
You hit the orc.
You kill the orc!
You punch the orc priest!
The orc priest is heavily wounded.
The orc priest invokes the aid of Beogh against you.
Beogh smites you!
Ouch! That really hurt!
* * * LOW HITPOINT WARNING * * *
You closely miss the orc priest.
The orc priest is heavily wounded.
The orc priest mumbles some strange prayers to Beogh against you.
Beogh smites you!
Ouch! That really hurt!
You die...

######............
# #.###########
####o#### #.#
..o.o...# #.# #o#
#.# #.# #.# #.#
#.# #.######.#
#oo@.....#
##########


You could see an orc priest and an orc.

Vanquished Creatures
  A gnoll (D:3)
  2 dart slugs (D:3)
  2 giant geckos
  2 orcs (D:3)
  3 bats
  A bat zombie (D:2)
  2 giant cockroaches
  A goblin (D:2)
  3 hobgoblins
  A ball python (D:2)
  A ball python zombie (D:2)
  2 rats (D:2)
21 creatures vanquished.

Notes
Turn   | Place    | Note
-------+----------+-------------------------------------------
     0 | D:1      | amanita the Gargoyle Transmuter began the quest for the Orb.
     0 | D:1      | Reached XP level 1. HP: 12/12 MP: 3/3
   127 | D:2      | Reached XP level 2. HP: 9/16 MP: 5/5
   233 | D:3      | Reached skill level 4 in Unarmed Combat
   287 | D:3      | Reached XP level 3. HP: 12/20 MP: 6/6
   502 | D:3      | Killed from afar by an orc priest

Vault maps used:
D:1:      minmay_arrival_arboretum_small
D:2:      first_bread, serial_undead, serial_undead_a, serial_undead_b,
          serial_undead_f, serial_undead_c, kennysheep_generic_room_8
D:4:      lemuel_doored_altar, overflow_temple_1_default,
          nicolae_overflow_crystal_walls, lemuel_coloured_pillars_altar,
          serial_shops, shop, lemuel_flame_loot_1, uniq_menkaure

Skill      XL: |  1  2 |
---------------+-------+-----
Unarmed Combat | 4 |  4.4
Fighting       | |  1.1
Dodging        | |  1.5
Spellcasting   | |  2.0
Transmutations | |  1.5

Action                   || total
-------------------------++-------
Melee: Unarmed           ||    83
Evoke: Wand              ||     4
  Use: Scroll            ||     2
       Potion            ||     1
 Stab: Sleeping          ||     1
Armor: Robe              ||     8
       Chain mail        ||    21
Dodge: Dodged            ||    40
